 Dungeon Crawl Stone Soup version 0.20.0 (webtiles) character file.

315 Danakh the Shield-Bearer (level 6, -2/42 HPs)
             Began as a Halfling Fighter on May 30, 2017.
             Was a Follower of Dithmenos.
             Slain by a worker ant (4 damage)
             ... on level 4 of the Dungeon.
             The game lasted 00:13:24 (3889 turns).

Danakh the Shield-Bearer (Halfling Fighter)         Turns: 3889, Time: 00:13:24

Health: -2/42      AC:  8    Str: 17    XL:     6   Next: 72%
Magic:  6/6        EV: 10    Int:  6    God:    Dithmenos [*.....]
Gold:   77         SH: 10    Dex: 16    Spells: 5/5 levels left

rFire    . . .     SeeInvis .   a - +0 long sword
rCold    + . .     Gourm    +   c - +0 shield
rNeg     . . .     Faith    .   b - +0 scale mail
rPois    .         Spirit   .   (no helmet)
rElec    .         Reflect  .   v - +0 cloak
rCorr    .         Harm     .   (no gloves)
MR       .....                  (no boots)
Stlth    +.........             n - amulet of the gourmand
Regen    0.2/turn               w - ring of protection from cold
MPRegen  0.1/turn               (no ring)

@: lethally poisoned (-2 -> -5), wreathed by umbra, drained
A: mutation resistance 1
a: Renounce Religion


You were on level 4 of the Dungeon.
You worshipped Dithmenos.
Dithmenos was aware of your devotion.
You were full.

You visited 1 branch of the dungeon, and saw 4 of its levels.

You collected 77 gold pieces.

Inventory:

Hand Weapons
 a - a +0 long sword (weapon)
Armour
 b - a +0 scale mail (worn)
 c - a +0 shield (worn)
 v - a +0 cloak (worn)
Jewellery
 n - an amulet of the gourmand (around neck)
 w - a ring of protection from cold (left hand)
Wands
 o - a wand of paralysis (10/24)
Scrolls
 e - a scroll of random uselessness {unknown}
 g - 3 scrolls of remove curse {unknown}
 i - 2 scrolls of blinking {unknown}
 j - 2 scrolls of fear {unknown}
 k - a scroll of fog {unknown}
 l - 5 scrolls of identify {unknown}
 q - 2 scrolls of recharging {unknown}
 r - a scroll of magic mapping {unknown}
 s - a scroll of enchant weapon {unknown}
 u - a scroll of immolation {unknown}
Potions
 d - 3 potions of might
 h - 2 potions of lignification {unknown}
 p - 2 potions of brilliance {unknown}
 t - a potion of cancellation {unknown}
Comestibles
 f - 2 bread rations
 m - a meat ration
 x - a royal jelly


   Skills:
 + Level 3.3(2.9) Fighting
 * Level 3.6(3.2) Long Blades
 + Level 4.1(3.7) Armour
 + Level 2.5(2.1) Dodging
 + Level 2.7(2.4) Stealth
 + Level 4.3(3.9) Shields


You had 5 spell levels left.
You didn't know any spells.

Dungeon Overview and Level Annotations

Branches:
Dungeon (4/15)
 Temple: D:4-7

Altars:
Cheibriados
Dithmenos

Annotations:
D:4 AlphabetPasta's ghost, amateur NaSk


Innate Abilities, Weirdness & Mutations

You are small and have problems with some larger weapons.
You are somewhat resistant to further mutation.


Message History

The worker ant is lightly wounded.
You feel sick. The worker ant barely misses you.
The worker ant closely misses you.
You feel sick.
The phantom blinks!
The worker ant closely misses you.
You riposte.
You closely miss the worker ant.
The worker ant is lightly wounded.
There is an open door, spattered with blood here.
Things that are here:
a flail x2
You feel sick. You block the worker ant's attack.
You barely miss the worker ant.
The worker ant is lightly wounded.
The worker ant bites you.
* * * LOW HITPOINT WARNING * * *
You barely miss the worker ant.
The worker ant is lightly wounded.
* * * LOW HITPOINT WARNING * * *
You feel sick. You block the worker ant's attack.
The phantom blinks!
The worker ant bites you.
You die...

#.. #..# #...#..#
#...#.W# #...'..# #..#
#.§# #.
##..###########.. #+
#...a÷.......##..##.##
+...#@....... #.......
#...#....##.. #.......
#...##...##+###.......
#...##.......##..##...
#...##...##..##..####'
#...##...##...#...#...
#.........+...#...'...
+.........#..###'###..
############W#.....###


You could see a worker ant.

Vanquished Creatures
  An orc priest (D:4)
  Crazy Yiuf (D:3)
  A worker ant (D:4)
  4 gnolls (D:3)
  7 adders
  4 oozes
  3 worms
  3 dart slugs (D:1)
  4 leopard geckos
  7 orcs
  3 giant cockroaches
  10 goblins
  6 hobgoblins
  11 jackals
  9 kobolds
  A quokka (D:2)
  3 ball pythons (D:1)
  5 bats
  4 frilled lizards
  12 rats
99 creatures vanquished.

Vanquished Creatures (others)
  A plant (D:1)
1 creature vanquished.

Grand Total: 100 creatures vanquished

Notes
Turn   | Place    | Note
-------+----------+-------------------------------------------
     0 | D:1      | Danakh the Halfling Fighter began the quest for the Orb.
     0 | D:1      | Reached XP level 1. HP: 15/15 MP: 1/1
   160 | D:1      | Reached XP level 2. HP: 16/20 MP: 2/2
   378 | D:1      | Reached XP level 3. HP: 19/25 MP: 3/3
   566 | D:1      | Reached skill level 1 in Stealth
  1164 | D:2      | Reached XP level 4. HP: 30/30 MP: 4/4
  1199 | D:2      | Reached skill level 1 in Dodging
  1321 | D:2      | Reached XP level 5. HP: 23/36 MP: 5/5
  1522 | D:2      | Found a shadowy altar of Dithmenos.
  1530 | D:2      | Became a worshipper of Dithmenos the Shadowed
  2262 | D:3      | Found a snail-covered altar of Cheibriados.
  2722 | D:3      | Reached XP level 6. HP: 33/42 MP: 6/6
  3007 | D:3      | Reached * piety under Dithmenos
  3236 | D:3      | Found a runed door.
  3240 | D:3      | Noticed Crazy Yiuf
  3246 | D:3      | Killed Crazy Yiuf
  3479 | D:4      | Noticed AlphabetPasta's ghost (amateur NaSk)
  3845 | D:4      | Noticed a phantom
  3889 | D:4      | HP: 2/42 [poisoned by a worker ant]
  3889 | D:4      | Slain by a worker ant

Skill      XL: |  1  2  3  4  5  6 |
---------------+-------------------+-----
Stealth        | 1 2 |  2.7
Fighting       | 3 |  3.3
Dodging        | 1 2 |  2.5
Shields        | 4 |  4.3
Long Blades    | 3 |  3.6
Armour         | 4 |  4.1

Action                   |  1- 3 |  4- 6 || total
-------------------------+-------+-------++-------
Melee: Long sword        |   103 |   289 ||   392
  Eat: Chunk             |     1 |    19 ||    20
Armor: Scale mail        |    45 |    65 ||   110
Dodge: Dodged            |    44 |   120 ||   164
Block: Shield            |    70 |   146 ||   216
       Rpst.: Long sword |     8 |    44 ||    52
